AoeStats
← ÐòóM

Black Forest

506446120Analyzed
4v4 RM · 20d ago on Sep 13, 2026· 53m 34s· 8 players
Game mode
Random Map
Map size
Large (8 player)
Population
200
Speed
Normal
Resources
Standard
Victory
Conquest
Starting age
Dark Age
Ending age
Imperial Age
RankedLock teamsTeams togetherTeam positionsShared explorationLock speedFull tech treeHidden civsTurbo modeCheats
Victory
Defeat
🇪🇸 Spanish · Spain
650
+11
🇨🇴 Khmer · Colombia
584
+13
🇩🇰 Franks · Denmark
540
+15
🇪🇸 Teutons · Spain
435
+21
546
-16
🇪🇸 Persians · Spain
523
-15
🇵🇪 Franks · Peru
522
-15
🇲🇽 Bohemians · Mexico
515
-14
Sir Rubo
0:44 Loom
19:24 Feudal Age
19:30 Man-at-Arms
24:52 Double-Bit Axe
28:30 Castle Age
toworsfire︻芫=-------
0:48 Loom
19:18 Feudal Age
19:39 Horse Collar
19:53 Gold Mining
19:53 Stone Mining
20:02 Double-Bit Axe
22:15 Wheelbarrow
22:26 Arson
24:53 Town Watch
31:43 Castle Age
30:24 Bloodlines
33:15 Heavy Plow
33:29 Bow Saw
33:57 Gold Shaft Mining
34:03 Stone Shaft Mining
34:05 Caravan
35:23 Hand Cart
36:06 Town Patrol
40:36 Kshatriyas
43:06 Imperial Age
40:21 Light Cavalry
41:01 Treadmill Crane
41:31 Masonry
43:23 Husbandry
43:39 Scale Barding Armor
43:35 Scale Mail Armor
45:11 Crop Rotation
46:07 Chain Mail Armor
48:36 Conscription
ÐòóM
1:24 Loom
16:08 Feudal Age
16:16 Man-at-Arms
16:48 Arson
17:00 Horse Collar
25:47 Wheelbarrow
25:56 Bloodlines
26:54 Town Watch
29:40 Castle Age
27:58 Gold Mining
27:59 Double-Bit Axe
30:12 Husbandry
31:09 Scale Barding Armor
32:31 Stone Mining
33:21 Hand Cart
35:23 Bow Saw
35:15 Heavy Plow
35:59 Gold Shaft Mining
37:54 Chain Barding Armor
41:51 Imperial Age
42:48 Cavalier
43:34 Murder Holes
44:14 Crop Rotation
44:46 Two-Man Saw
44:39 Masonry
44:41 Savar
46:22 Plate Barding Armor
49:06 Stone Shaft Mining
50:40 Elite War Elephant
kaifanestro
Don M´s
0:51 Loom
17:55 Feudal Age
19:17 Wheelbarrow
20:35 Horse Collar
20:43 Double-Bit Axe
30:38 Castle Age
wwwb5000
11:11 Loom
13:55 Feudal Age
14:22 Double-Bit Axe
15:15 Wheelbarrow
17:21 Gold Mining
17:45 Stone Mining
25:18 Castle Age
25:15 Padded Archer Armor
25:06 Fletching
25:22 Scale Barding Armor
25:17 Scale Mail Armor
25:28 Forging
27:11 Bow Saw
27:59 Hand Cart
28:38 Horse Collar
28:39 Pikeman
29:20 Squires
31:15 Heavy Plow
32:22 Stone Shaft Mining
35:51 Arson
38:59 Caravan
39:30 Coinage
39:18 Leather Archer Armor
38:59 Bodkin Arrow
39:20 Chain Mail Armor
44:29 Imperial Age
43:48 Town Watch
46:11 Two-Man Saw
45:18 Town Patrol
45:39 Masonry
46:30 Chemistry
45:51 Ballistics
45:21 Guard Tower
45:17 Arrowslits
45:29 Murder Holes
45:44 Careening
45:40 Siphons
45:46 Fortified Wall
45:56 Shipwright
45:47 Clinker Construction
45:52 Guilds
46:12 Banking
46:26 Banking
46:39 Ring Archer Armor
48:16 Architecture
47:09 Halberdier
47:21 Heavy Cavalry Archer
BlacKHazE.
8:01 Loom
17:14 Feudal Age
17:17 Man-at-Arms
17:44 Arson
21:18 Double-Bit Axe
22:46 Scale Mail Armor
22:57 Forging
24:50 Castle Age
23:26 Wheelbarrow
25:25 Gambesons
25:03 Long Swordsman
28:04 Chain Mail Armor
29:05 Squires
30:17 Hand Cart
36:56 Imperial Age
34:19 Gold Mining
37:43 Fortified Wall
37:29 Murder Holes
37:56 Ballistics
37:10 Two-Handed Swordsman
38:16 Conscription
38:50 Capped Ram
40:33 #83
42:11 Fervor
43:08 Champion
44:17 Elite Throwing Axeman
46:08 Chivalry
45:30 Cavalier
46:12 Husbandry
46:35 Paladin
48:40 Chemistry
47:46 Siege Engineers
48:15 Plate Mail Armor
47:51 Scale Barding Armor
48:21 Iron Casting
47:37 Fletching
48:06 Bow Saw
pedrolimaruz
1:22 Loom
18:42 Feudal Age
19:23 Man-at-Arms
21:14 Gold Mining
21:15 Stone Mining
21:24 Fishing Lines
22:23 Wheelbarrow
22:15 Arson
23:51 Town Watch
23:51 Horse Collar
24:16 Double-Bit Axe
27:37 Forging
27:28 Scale Mail Armor
27:34 Scale Barding Armor
31:09 Castle Age
32:12 Bloodlines
31:49 Gambesons
32:05 Squires
31:26 Long Swordsman
32:11 Heavy Plow
32:05 Gillnets
32:30 Bow Saw
32:37 Caravan
34:03 Hand Cart
34:11 Guard Tower
34:42 Ballistics
35:21 Stone Shaft Mining
35:27 Masonry
36:00 Fortified Wall
37:07 Sanctity
36:58 Redemption
37:58 Town Patrol
39:17 Iron Casting
38:57 Chain Mail Armor
39:03 Chain Barding Armor
38:44 Padded Archer Armor
38:35 Fletching
39:07 Fervor
44:05 Imperial Age
43:18 Ironclad
46:01 Hoardings
45:48 Conscription
45:50 Crenellations
44:51 Elite Teutonic Knight
45:18 Two-Handed Swordsman
46:17 Block Printing
46:28 Illumination
45:51 Arrowslits
47:20 Cavalier
49:11 Blast Furnace
48:42 Plate Mail Armor
48:28 Leather Archer Armor
49:39 Keep
53:55 Plate Barding Armor
53:51 Ring Archer Armor
53:16 Bodkin Arrow
Connection lost

Rejoining the realm…

Still unreachable

The connection could not be restored.

Session expired

The server has moved on; the page needs a fresh start.